 Dungeon Crawl Stone Soup version 0.17.0-28-g6e173f8 (console) character file.

2398 Kloppie the Basher (level 9, -9/57 HPs)
             Began as a Gargoyle Fighter on Nov 29, 2015.
             Was a Follower of Elyvilon.
             Blown up by a centaur (13 damage)
             ... with a wand of disintegration
             ... on level 7 of the Dungeon.
             The game lasted 00:10:53 (5956 turns).

Kloppie the Basher (Gargoyle Fighter)               Turns: 5956, Time: 00:10:53

Health: -9/57      AC: 24    Str: 16    XL:     9   Next: 46%
Magic:  9/9        EV:  5    Int:  9    God:    Elyvilon [*.....]
Gold:   236        SH: 10    Dex: 12    Spells: 0 memorised, 8 levels left

rFire  . . .     SeeInvis .     n - +1 morningstar (protect)
rCold  . . .     Clarity  .     y - +0 chain mail (curse)
rNeg   + . .     SustAt   .     c - +0 shield
rPois  ∞         Gourm    .     A - +0 helmet
rElec  +         Spirit   .     H - +0 cloak
rCorr  .         Warding  .     (no gloves)
rMut   .         Rnd*Tele +     g - +0 pair of boots
MR     .....                    s - amulet of rage (curse)
Stlth  ..........               B - ring of teleportation (curse)
                                G - -4 ring of strength (curse)

@: not resistant to hostile enchantments, extremely unstealthy
A: negative energy resistance 1, electricity resistance, unbreathing,
petrification resistance, rot immunity, AC +5
a: Lesser Healing, Divine Protection, Renounce Religion, Evoke Berserk Rage,
Evoke Teleportation


You were on level 7 of the Dungeon.
You worshipped Elyvilon.
Elyvilon was aware of your devotion.
You were not hungry.

You visited 2 branches of the dungeon, and saw 9 of its levels.

You collected 236 gold pieces.

Inventory:

Hand Weapons
 a - a +0 flail
 n - a +1 morningstar of protection (weapon)
Armour
 c - a +0 shield (worn)
 d - a +0 plate armour
 g - a +0 pair of boots (worn)
 y - a cursed +0 chain mail (worn)
 A - a +0 helmet (worn)
 H - a +0 cloak (worn)
Jewellery
 s - a cursed amulet of rage (around neck)
 B - a cursed ring of teleportation (right hand)
 G - a cursed -4 ring of strength (left hand)
 J - an uncursed ring of fire
Wands
 z - a wand of slowing (44)
 I - a wand of confusion (36)
Scrolls
 f - 3 scrolls of teleportation
 j - a scroll of fear
 q - 2 scrolls of immolation
 t - a scroll of magic mapping
 D - 2 scrolls of recharging
Potions
 b - 4 potions of brilliance
 h - 2 potions of curing
 l - a potion of mutation {unknown}
 o - 3 potions of poison {unknown}
 p - 2 potions of lignification {unknown}
 r - a potion of magic {unknown}
 v - a potion of flight {unknown}
 w - 2 potions of cure mutation {unknown}
 F - a potion of cancellation {unknown}
Books
 K - a book of Enchantments

   Spells                             Type                      Level
   a - Cause Fear                     Hexes                        4
   b - Silence                        Hexes/Air                    5
   c - Deflect Missiles               Charms/Air                   6
   d - Haste                          Charms                       6
   e - Discord                        Hexes                        8
Comestibles
 e - 5 bread rations
 k - a royal jelly
 m - 2 meat rations
 u - a slice of pizza
 x - 3 chunks of flesh
 C - 2 beef jerkies
 E - 9 fruits


   Skills:
 - Level 7.6 Fighting
 + Level 8.2 Maces & Flails
 + Level 6.4 Armour
 + Level 6.5 Shields


You had 8 spell levels left.
You didn't know any spells.

Dungeon Overview and Level Annotations

Branches:
Dungeon (8/15)             Temple (1/1) D:6
   Lair: D:8-11

Altars:
Ashenzari
Cheibriados
Dithmenos
Elyvilon
Fedhas
Gozag
Kikubaaqudgha
Makhleb
Nemelex Xobeh
Okawaru
Qazlal
Ru
Sif Muna
Trog
Vehumet
Xom
Yredelemnul
Zin
The Shining One


Innate Abilities, Weirdness & Mutations

You are resistant to torment.
Your stone body is resilient (AC +5).
You are immune to poison.
You resist negative energy.
You are resistant to electric shocks.
You can survive without breathing.
You are immune to petrification.
You are immune to rotting.


Message History

Drink which item? (? for menu, Esc to quit)
You feel much better.
The centaur hits you but does no damage.
You hit the centaur but do no damage.
The centaur is heavily wounded.
You block the centaur's attack. x2
You hit the centaur.
The centaur is severely wounded.
The centaur hits you but does no damage.
The centaur barely misses you.
You sock the centaur!
The centaur is almost dead.
The centaur zaps a wand.
You are blasted!
* * * LOW HITPOINT WARNING * * *
The centaur zaps a wand.
You are blasted!
* * * LOW HITPOINT WARNING * * *
You hit the centaur.
The centaur is almost dead.
The centaur zaps a wand.
You are blasted!
You die...

#.###.###. .......#
#.# #.# #.
......#######.###.###.
..................##.
.....######.#.#.....
....######...#####.
........#.### #..
#c......#.# #.< #
#@......#.# #..
#.#.......#.# #..
#.#(......#.# #..
#...(.....#.# #..
#.#.......#.# #..
##.#.......#.#
#..........#.#
#.###......#.#
#.###...†..#.#


You could see a centaur.

Vanquished Creatures
  Joseph (D:7)
  An orc warrior (D:6)
  2 ogres
  3 ice beasts (D:7)
  A centaur (D:8)
  3 phantoms
  Blork the orc (D:6)
  A giant frog (D:7)
  A scorpion (D:6)
  2 crimson imps
  5 orc priests
  2 hounds
  Crazy Yiuf (D:7)
  2 jellies
  8 orc wizards
  A centaur skeleton (D:4)
  Jessica (D:3)
  Terence (D:2)
  A worker ant (D:4)
  A hound zombie (D:7)
  A worker ant zombie (D:6)
  16 adders
  4 gnolls
  An ooze (D:1)
  An adder zombie (D:6)
  3 worms
  5 giant geckos
  19 orcs
  9 giant cockroaches
  5 goblins
  7 hobgoblins
  4 jackals (D:5)
  9 kobolds
  3 quokkas
  6 ball pythons
  10 bats
  7 giant newts
  13 rats
162 creatures vanquished.

Notes
Turn   | Place    | Note
--------------------------------------------------------------
     0 | D:1      | Kloppie the Gargoyle Fighter began the quest for the Orb.
     0 | D:1      | Reached XP level 1. HP: 14/14 MP: 1/1
   153 | D:1      | Reached XP level 2. HP: 17/19 MP: 2/2
   430 | D:1      | Reached XP level 3. HP: 24/24 MP: 3/3
   474 | D:1      | Reached skill level 4 in Fighting
   869 | D:2      | Reached XP level 4. HP: 28/30 MP: 4/4
   963 | D:2      | Found a shadowy altar of Dithmenos.
  1317 | D:3      | Noticed Terence
  1334 | D:2      | Killed Terence
  1334 | D:2      | Reached skill level 5 in Fighting
  1334 | D:2      | Reached XP level 5. HP: 4/35 MP: 5/5
  1646 | D:3      | Found a basalt altar of Yredelemnul.
  1822 | D:3      | Found a glowing golden altar of the Shining One.
  1823 | D:3      | Noticed Jessica
  1835 | D:3      | Killed Jessica
  1933 | D:3      | Found a radiant altar of Vehumet.
  2309 | D:4      | Reached XP level 6. HP: 38/40 MP: 6/6
  2477 | D:4      | Reached skill level 6 in Fighting
  2704 | D:4      | Reached skill level 5 in Maces & Flails
  3275 | D:4      | Reached XP level 7. HP: 47/47 MP: 7/7
  3320 | D:5      | Entered Level 5 of the Dungeon
  3407 | D:5      | Reached skill level 7 in Fighting
  3765 | D:5      | Reached XP level 8. HP: 30/53 MP: 8/8
  4473 | D:6      | Noticed Blork the orc
  4493 | D:6      | Killed Blork the orc
  4510 | D:6      | Found a staircase to the Ecumenical Temple.
  4519 | Temple   | Entered the Ecumenical Temple
  4610 | Temple   | Became a worshipper of Elyvilon the Healer
  4745 | D:6      | Found a blossoming altar of Fedhas.
  5158 | D:6      | Found a shadowy altar of Dithmenos.
  5160 | D:6      | Found an iron altar of Okawaru.
  5167 | D:6      | Reached skill level 5 in Shields
  5215 | D:7      | Reached skill level 5 in Armour
  5367 | D:7      | Noticed Crazy Yiuf
  5372 | D:7      | Killed Crazy Yiuf
  5450 | D:7      | Reached XP level 9. HP: 32/57 MP: 9/9
  5583 | D:7      | Noticed Joseph
  5667 | D:7      | Killed Joseph
  5667 | D:7      | Reached skill level 8 in Maces & Flails
  5890 | D:7      | Reached * piety under Elyvilon
  5956 | D:7      | Blown up by a centaur

Action                   |  1- 3 |  4- 6 |  7- 9 || total
-------------------------+-------+-------+-------++-------
Melee: Flail             |   138 |    83 |       ||   221
       Morningstar       |       |   176 |   366 ||   542
  Use: Scroll            |       |       |    13 ||    13
       Potion            |       |       |     4 ||     4
  Eat: Chunk             |       |     8 |    10 ||    18
